 Dungeon Crawl Stone Soup version 0.14-a0-882-gdff4d47 (webtiles) character file.

249 4tharraofdagon the Firebug (level 5, -4/42 HPs)
             Began as a Naga Fire Elementalist on Nov 17, 2013.
             Slain by a slave (10 damage)
             ... led by Pikel
             ... on Level 6 of the Dungeon.
             The game lasted 00:06:41 (841 turns).

4tharraofdagon the Firebug (Naga Fire Elementalist)  Turns: 841, Time: 00:06:42

HP  -4/42        AC  2     Str 11      XL: 5   Next: 38%
MP   1/9         EV 15     Int 16      God:
Gold 93          SH  0     Dex 11      Spells:  2 memorised,  3 levels left

Res.Fire  : . . .   See Invis. : +   (no weapon)
Res.Cold  : . . .   Warding    : .   a - +0 robe
Life Prot.: . . .   Conserve   : .   (no shield)
Res.Poison: +       Res.Corr.  : .   (no helmet)
Res.Elec. : .       Clarity    : .   (no cloak)
Sust.Abil.: . .     Spirit.Shd : .   (no gloves)
Res.Mut.  : .       Stasis     : .   (no barding)
Res.Rott. : .       Flight     : .   (no amulet)
Saprovore : . . .                    (no ring)
                                     j - +5 ring of evasion

@: very slightly contaminated, very slow, slightly resistant to hostile
enchantments, fairly stealthy
A: spit poison, see invisible, deformed body, poison resistance, slowness 2, AC
+1
a: Spit Poison


You were on level 6 of the Dungeon.
You were hungry.

You visited 1 branch of the dungeon, and saw 6 of its levels.

You collected 93 gold pieces.

Inventory:

Hand weapons
 i - a +1,+0 elven vampiric dagger
Armour
 a - a +0 robe (worn)
Comestibles
 c - 4 bread rations
 n - a chunk of orc flesh
 o - a chunk of giant frog flesh
Scrolls
 e - a scroll of amnesia {unknown}
 k - a scroll of identify
Jewellery
 j - a +5 ring of evasion (left hand)
Potions
 d - a potion of poison
 f - a potion of resistance
 h - 2 potions of curing {unknown}
Books
 b - a book of Flames

   Spells                             Type                      Level
   *Flame Tongue                      Conjuration/Fire             1
   Throw Flame                        Conjuration/Fire             2
   *Conjure Flame                     Conjuration/Fire             3
   Inner Flame                        Hexes/Fire                   3
   Sticky Flame                       Conjuration/Fire             4
   Fireball                           Conjuration/Fire             5


   Skills:
 - Level 1.5 Dodging
 - Level 3.0 Stealth
 + Level 1.9 Spellcasting
 * Level 3.6 Conjurations
 * Level 4.1 Fire Magic


You had 3 spell levels left.
You knew the following spells:

 Your Spells              Type           Power        Failure   Level  Hunger
a - Flame Tongue          Conj/Fire      ##...        6%          1    #......
b - Conjure Flame         Conj/Fire      ##......     14%         3    ####...


Dungeon Overview and Level Annotations

Branches:
Dungeon (6/16)
 Temple: D:4-7          Orc: D:6-11

Altars:

Annotations:
D:4 Prince Ribbit


Innate Abilities, Weirdness & Mutations

You cannot wear boots.
You can spit poison.
Your serpentine skin is tough (AC +1).
You have supernaturally acute eyesight.
Armour fits poorly on your strangely shaped body.
Your system is resistant to poisons.
You cover ground very slowly.


Message History

You have got your breath back.
The slave hits you but does no damage.
Read which item? (? for menu, Esc to quit)
As you read the scroll labeled ZAMPYEH UCOGA, it crumbles to dust.
Your hands very briefly gain a red sheen.
It was a scroll of enchant weapon II.
The slave hits you.
Read which item? (? for menu, Esc to quit)
As you read the scroll labeled JAACVU HERIRR, it crumbles to dust.
You feel aware of your surroundings.
It was a scroll of magic mapping.
The slave closely misses you.
Unknown command.
Read which item? (? for menu, Esc to quit)
As you read the scroll labeled DITYUR SOINUSCH, it crumbles to dust.
You hear a loud clanging noise!
It was a scroll of noise.
You hear a shout!
The slave hits you!
* * * LOW HITPOINT WARNING * * *
The slave hits you!
You die...

####### #.....#
##.≈≈≈.#################
##..≈$≈.......$..........
*#...≈≈≈..................
**.......@@................ *
........@.................
**,.......@..................
**,,.......................... *
,,, .........................
**,,,,,.........................
**,,,,, .....(......%............
*,,,,, ,,........................
,,,,,,,,,,.......................


You could see 3 slaves.

Vanquished Creatures
  A giant frog (D:6)
  An orc wizard (D:6)
  An adder (D:2)
  A worm (D:2)
  A giant eyeball (D:6)
  An ooze (D:3)
  3 giant geckos
  4 orcs
  2 giant cockroaches
  4 hobgoblins
  A quokka (D:6)
  3 bats
  3 giant newts
  4 goblins
  A goblin zombie (D:5)
  A hobgoblin zombie (D:6)
  3 kobolds
  7 rats
  A rat zombie (D:6)
43 creatures vanquished.

Notes
Turn   | Place    | Note
--------------------------------------------------------------
     0 | D:1      | 4tharraofdagon, the Naga Fire Elementalist, began the quest for the Orb.
     0 | D:1      | Reached XP level 1. HP: 15/15 MP: 3/3
    99 | D:2      | Reached XP level 2. HP: 16/22 MP: 0/4
   249 | D:2      | Reached XP level 3. HP: 11/28 MP: 3/6
   254 | D:2      | Learned a level 3 spell: Conjure Flame
   429 | D:4      | Noticed Prince Ribbit
   605 | D:5      | Entered Level 5 of the Dungeon
   704 | D:6      | Reached XP level 4. HP: 15/36 MP: 4/7
   792 | D:6      | Noticed a giant frog
   798 | D:6      | Killed a giant frog
   798 | D:6      | Reached skill level 4 in Fire Magic
   798 | D:6      | Reached XP level 5. HP: 18/42 MP: 2/9
   811 | D:6      | Noticed a slave
   818 | D:6      | Paralysed by a giant eyeball for 2 turns
   825 | D:6      | Paralysed by a giant eyeball for 2 turns
   828 | D:6      | Paralysed by a giant eyeball for 2 turns
   835 | D:6      | Noticed a slave
   837 | D:6      | Noticed a slave
   840 | D:6      | Malachi: looks like trouble
   841 | D:6      | 4tharraofdagon: i cant do nothing
   841 | D:6      | Slain by a slave

Action                   |  1- 3 |  4- 6 || total
-------------------------+-------+-------++-------
Melee: Unarmed           |    12 |    14 ||    26
Throw: Dart              |       |     2 ||     2
 Cast: Flame Tongue      |    28 |    17 ||    45
 Abil: Spit Poison       |    30 |     8 ||    38
  Use: Potion            |     1 |       ||     1
       Scroll            |       |     4 ||     4
